 Dungeon Crawl Stone Soup version 0.19-a0-1790-g026f1ef (webtiles) character file.

1052 Proteus the Covert (level 8, -1/35 HPs)
             Began as a Spriggan Assassin on Oct 4, 2016.
             Slain by a bullfrog zombie (3 damage)
             ... on level 5 of the Dungeon.
             The game lasted 00:20:12 (7801 turns).

Proteus the Covert (Spriggan Assassin)              Turns: 7801, Time: 00:20:13

Health: -1/35      AC:  4    Str:  7    XL:     8   Next: 5%
Magic:  9/9        EV: 18    Int: 13    God:
Gold:   171        SH:  0    Dex: 19    Spells: 0 memorised, 7 levels left

rFire  + . .     SeeInvis +     a - +2 dagger
rCold  . . .     Gourm    .     c - +0 robe
rNeg   . . .     Faith    .     (shield restricted)
rPois  .         Spirit   .     (helmet restricted)
rElec  .         Dismiss  .     d - +1 cloak
rCorr  .         Reflect  .     (gloves unavailable)
MR     +....     Harm     .     (boots unavailable)
Stlth  +++++++...               (no amulet)
                                (no ring)
                                m - ring of protection from fire

@: very quick
A: unfitting armour, horns 1, see invisible, herbivore 3, speed 3, frail 1, slow
metabolism 2, evolution 1
a: no special abilities


You were on level 5 of the Dungeon.
You were not hungry.

You visited 1 branch of the dungeon, and saw 7 of its levels.
You also visited: Sewer and Ossuary.

You collected 171 gold pieces.

Inventory:

Hand Weapons
 a - a +2 dagger (weapon)
 b - a +0 blowgun
 o - a +1 vampiric dagger
 r - a +1 short sword of venom
Missiles
 e - 17 poisoned needles
Armour
 c - a +0 robe (worn)
 d - a +1 cloak (worn)
Jewellery
 m - a ring of protection from fire (left hand)
Wands
 k - a wand of disintegration (19/24)
 u - a wand of iceblast (3/15)
Scrolls
 h - a scroll of immolation
 i - a scroll of teleportation
 j - 3 scrolls of remove curse
 n - 2 scrolls of identify
 s - a scroll of recharging
 v - a scroll of random uselessness {unknown}
 x - a scroll of enchant armour
Potions
 l - 2 potions of magic
 p - a potion of mutation
 q - 5 potions of flight
 t - 2 potions of ambrosia {unknown}
 w - a potion of resistance {unknown}
 z - a potion of curing
 A - a potion of haste {unknown}
Comestibles
 g - 3 bread rations
 B - 3 fruits


   Skills:
 + Level 1.8 Fighting
 + Level 2.5 Short Blades
 + Level 2.4 Throwing
 + Level 2.3 Dodging
 + Level 14.3 Stealth


You had 7 spell levels left.
You didn't know any spells.

Dungeon Overview and Level Annotations

Branches:
Dungeon (7/15)
 Temple: D:4-7

Altars:
Cheibriados
Uskayaw


Innate Abilities, Weirdness & Mutations

You are very small and have problems with some larger weapons.
You are too small for most types of armour.
You have supernaturally acute eyesight. (SInv)
You are a herbivore.
You cover ground extremely quickly.
You need consume almost no food.
You have a pair of small horns on your head.
You are frail. (-10% HP)
You evolve.


Message History

The bullfrog zombie is lightly damaged.
The bullfrog zombie misses you.
You hit the bullfrog zombie but do no damage.
Your headbutt misses the bullfrog zombie.
The bullfrog zombie is lightly damaged.
The bullfrog zombie hits you.
* * * LOW HITPOINT WARNING * * *
You hit the bullfrog zombie. You headbutt the bullfrog zombie.
The bullfrog zombie is heavily damaged.
The bullfrog zombie hits you.
* * * LOW HITPOINT WARNING * * *
The bullfrog zombie hits you.
* * * LOW HITPOINT WARNING * * *
You hit the bullfrog zombie.
The bullfrog zombie is heavily damaged.
The bullfrog zombie completely misses you.
You hit the bullfrog zombie.
The bullfrog zombie is heavily damaged.
The bullfrog zombie hits you.
You die...

...((#........
...(....(.....
...o..........
..##(..รท......
[.##...######
...Zoo...###############
...#.o..................
...#...#.#######Z###.##.
.o.#...#..# ##@# .# #
...######.# #..###.##.#
...# $# #.)8......# .o.#
.. #......### ...#
#.####8...8.# ...o
#>........!.#
##.###..8...# ######.#
.#


You could see a bullfrog zombie.

Vanquished Creatures
  Sigmund (D:5)
  A centaur (D:6)
  An ogre (D:5)
  A water moccasin zombie (Ossuary)
  2 scorpions
  A crimson imp (D:6)
  A centaur zombie (D:6)
  A jelly (D:5)
  An orc priest (D:5)
  An orc wizard (D:3)
  3 iguanas
  A worker ant (D:4)
  3 big kobold zombies (Ossuary)
  2 mummies (Ossuary)
  A gnoll (D:1)
  5 adders
  A howler monkey skeleton (D:5)
  A river rat (D:3)
  4 oozes (Sewer)
  5 adder zombies (Ossuary)
  7 worms
  2 leopard geckos
  9 orcs
  12 bats
  5 giant cockroaches
  4 gnoll zombies (Ossuary)
  8 goblins
  6 hobgoblins
  10 jackals
  6 kobolds
  4 quokkas
  4 ball pythons
  7 frilled lizards
  7 hobgoblin zombies (Ossuary)
  3 kobold zombies (Ossuary)
  6 orc zombies (Ossuary)
  10 rats
147 creatures vanquished.

Notes
Turn   | Place    | Note
-------+----------+-------------------------------------------
     0 | D:1      | Proteus the Spriggan Assassin began the quest for the Orb.
     0 | D:1      | Reached XP level 1. HP: 10/10 MP: 2/2
    25 | D:1      | Reached skill level 6 in Stealth
   187 | D:1      | Reached XP level 2. HP: 4/14 MP: 3/3
   565 | D:1      | Reached skill level 7 in Stealth
   635 | D:1      | Reached XP level 3. HP: 18/18 MP: 4/4
  1389 | D:2      | Reached skill level 8 in Stealth
  1955 | D:2      | Reached XP level 4. HP: 22/22 MP: 5/5
  2308 | D:3      | Found a glowing drain.
  2500 | Sewer    | Entered a sewer
  2525 | Sewer    | Reached skill level 9 in Stealth
  3328 | Sewer    | Reached XP level 5. HP: 10/25 MP: 6/6
  4077 | D:3      | Reached skill level 10 in Stealth
  4183 | D:3      | Found a snail-covered altar of Cheibriados.
  5130 | D:4      | Noticed a phantom
  5141 | D:4      | Reached skill level 11 in Stealth
  5141 | D:4      | Reached XP level 6. HP: 26/30 MP: 7/7
  5559 | D:4      | Found a hide-covered altar of Uskayaw.
  5561 | D:4      | Noticed a dagger
  5562 | D:4      | Noticed a hand axe
  5675 | D:4      | You fall through a shaft for 3 floors!
  5932 | D:6      | Reached skill level 12 in Stealth
  6050 | D:6      | Reached XP level 7. HP: 26/33 MP: 8/8
  6145 | D:5      | Entered Level 5 of the Dungeon
  6158 | D:5      | Found a sand-covered staircase.
  6158 | D:5      | Noticed Sigmund
  6205 | D:5      | Killed Sigmund
  6205 | D:5      | Reached skill level 13 in Stealth
  6232 | Ossuary  | Entered an ossuary
  7056 | Ossuary  | HP: 1/33 [arrow trap (7)]
  7059 | Ossuary  | Gained mutation: You are frail. (-10% HP) [potion of mutation]
  7059 | Ossuary  | Gained mutation: You have a pair of small horns on your head. [potion of mutation]
  7059 | Ossuary  | Gained mutation: You evolve. [potion of mutation]
  7462 | Ossuary  | Reached skill level 14 in Stealth
  7558 | D:5      | Reached XP level 8. HP: 31/34 MP: 9/9
  7801 | D:5      | Slain by a bullfrog zombie

Vault maps used:
D:1:      nicolae_arrival_washed_ashore, moated_statue
D:3:      lemuel_crystal_altar, gup_sewer_entry_bowl, first_bread,
          supply_closet_lemuel
D:4:      dancing_weapons_uskayaw
D:5:      nicolae_ossuary_entry_monument, uniq_sigmund
D:7:      uniq_pikel, uniq_duvessa
Sewer:    sewer_fruit_machine
Ossuary:  ossuary_tomb_2

Skill      XL: |  1  2  3  4  5  6  7 |
---------------+----------------------+-----
Stealth        | 6 7 8 9 11 12 14 | 14.3
Dodging        | 2 |  2.3
Fighting       | |  1.8
Short Blades   | |  2.5
Throwing       | |  2.4

Action                   |  1- 3 |  4- 6 |  7- 9 || total
-------------------------+-------+-------+-------++-------
Melee: Dagger            |    94 |   206 |    55 ||   355
       Short sword       |       |    42 |   126 ||   168
       Headbutt          |       |       |     6 ||     6
 Fire: Blowgun           |    10 |    55 |    18 ||    83
  Use: Scroll            |       |    13 |     1 ||    14
       Potion            |       |     4 |     4 ||     8
 Stab: Sleeping          |    14 |    20 |    11 ||    45
       Distracted        |     1 |     1 |       ||     2
  Eat: Royal jelly       |       |     1 |       ||     1
       Pizza             |       |     1 |       ||     1
       Bread ration      |       |       |     1 ||     1
Armor: Robe              |     3 |    32 |    25 ||    60
       Skin              |       |   121 |       ||   121
Dodge: Dodged            |    58 |   208 |   151 ||   417
